AoeStats
← Morrión

Fortress

508691371Analyzed
2v2 RM · 10d ago on Sep 23, 2026· 42m 0s· 4 players
Game mode
Random Map
Map size
Normal (6 player)
Population
200
Speed
Normal
Resources
Standard
Victory
Conquest
Starting age
Dark Age
Ending age
Imperial Age
RankedLock teamsTeams togetherTeam positionsShared explorationLock speedFull tech treeHidden civsTurbo modeCheats
Victory
Defeat
🇩🇪 Chinese · Germany
1402
+15
🇹🇷 Saracens · Türkiye
1385
+15
🇪🇸 Danes · Spain
1370
-15
🇪🇸 Saxons · Spain
1370
-15
Morrión
7:31 Feudal Age
11:22 Castle Age
9:38 Double-Bit Axe
9:48 Horse Collar
12:20 Squires
12:25 Heavy Plow
15:11 Wheelbarrow
14:23 Loom
16:34 Scale Mail Armor
17:22 Town Watch
17:51 Forging
18:31 Bow Saw
19:12 Chain Mail Armor
24:09 Iron Casting
23:25 Fletching
26:27 Hand Cart
29:37 Imperial Age
30:10 Town Patrol
30:51 Plate Mail Armor
30:44 Conscription
29:48 Shield Wall
31:35 Hoardings
30:41 Elite Hearth Troop
31:59 Hoardings
34:56 Bodkin Arrow
37:49 Elite Varangian Guard
juanca12
7:40 Feudal Age
11:52 Castle Age
9:46 Double-Bit Axe
10:07 Horse Collar
11:45 Forging
11:39 Scale Mail Armor
20:38 Iron Casting
20:32 Scale Barding Armor
21:06 Hamask
22:36 Wheelbarrow
23:46 Hand Cart
26:24 Heavy Plow
26:38 Bow Saw
32:16 Imperial Age
32:22 Onager
33:30 Conscription
33:34 Loom
34:51 Blast Furnace
34:07 Chain Mail Armor
34:01 Siege Onager
35:55 Fletching
36:05 Padded Archer Armor
35:35 Siege Onager
36:46 Elite Skirmisher
39:07 Bodkin Arrow
ZeZe
6:43 Feudal Age
11:18 Castle Age
10:25 Double-Bit Axe
10:21 Horse Collar
13:02 Bow Saw
13:15 Husbandry
16:30 Loom
17:15 Heavy Plow
20:08 Wheelbarrow
21:53 Forging
21:49 Scale Barding Armor
23:13 Iron Casting
24:11 Bloodlines
24:02 Husbandry
25:48 Bloodlines
32:14 Imperial Age
29:31 Town Watch
31:38 Chain Barding Armor
31:20 Husbandry
32:26 Elite Mameluke
33:54 Plate Barding Armor
34:47 Blast Furnace
35:02 Ballistics
34:35 Fletching
36:06 Caravan
Howard Snable
0:27 Loom
6:58 Feudal Age
11:22 Castle Age
9:20 Double-Bit Axe
10:02 Horse Collar
13:09 Bow Saw
17:39 Wheelbarrow
17:03 Town Watch
19:03 Fletching
19:59 Hand Cart
21:04 Bodkin Arrow
21:30 Padded Archer Armor
25:38 Imperial Age
24:25 Leather Archer Armor
24:38 Gold Mining
24:39 Stone Mining
24:53 Heavy Plow
25:45 Great Wall
26:21 Bracer
27:23 Chemistry
26:44 Ballistics
26:49 Conscription
27:49 Gold Shaft Mining
29:52 Elite Chu Ko Nu
31:41 Thumb Ring
31:59 Caravan
32:29 Coinage
32:59 Ring Archer Armor
32:40 Forging
32:30 Scale Mail Armor
32:35 Scale Barding Armor
33:05 Masonry
37:42 Iron Casting
37:22 Chain Mail Armor
37:27 Chain Barding Armor
39:42 Town Patrol
39:11 Light Cavalry
40:02 Bloodlines
39:52 Husbandry
40:43 Heavy Rocket Cart
Connection lost

Rejoining the realm…

Still unreachable

The connection could not be restored.

Session expired

The server has moved on; the page needs a fresh start.